[Event "EYCC Girls-U10 2019"]
[Site "Bratislava"]
[Date "2019.08.10"]
[Round "9.20"]
[White "Szarvas, Nora"]
[Black "Pavesi, Bianca"]
[Result "0-1"]
[ECO "D02"]
[WhiteElo "1240"]
[BlackElo "1537"]
[Annotator "NA RC"]
[PlyCount "84"]
[EventDate "2019.08.02"]
[EventType "swiss"]
[EventCountry "SVK"]
[SourceTitle "playchess.com"]
[Source "ChessBase"]
[SourceQuality "1"]
[TimeControl "40/5400+30:1800+30"]

1. Nf3 d5 2. d4 Nf6 3. Bf4 e6 4. e3 c5 5. Be2 Nc6 6. c4 Be7 7. O-O O-O 8. Nc3 b6 9. a3 Bb7 10. Qd3 cxd4 11. exd4 Rc8 12. cxd5 exd5 13. Rac1 Na5 14. Nd2 Nc4 15. Qc2 a6 16. Qb3 b5 17. Rfd1 Qd7 18. a4 Nxd2 19. Bxd2 b4 20. Na2 a5 21. h3 h5 22. Bg5 g6 23. Qf3 Ne4 24. Bxe7 Qxe7 25. Bd3 Qd6 26. Bxe4 dxe4 27. Qe3 Qe6 28. Rxc8 Rxc8 29. Nc1 Rc2 30. Qb3 Rxc1 31. Qxe6 Rxd1+ 32. Kh2 fxe6 33. b3 Rd3 34. f3 Rxb3 35. fxe4 Bxe4 36. d5 Rd3 37. d6 b3 38. d7 b2 39. d8=N b1=Q 40. Nxe6 Qf1 41. Nf4 Qxf4+ 42. Kg1 Rd1# 0-1

[Event "EYCC Girls-U10 2019"]
[Site "Bratislava"]
[Date "2019.08.10"]
[Round "9.21"]
[White "Novomeska, Karin"]
[Black "Bagas, Ana"]
[Result "1/2-1/2"]
[ECO "A52"]
[WhiteElo "1269"]
[BlackElo "1442"]
[Annotator "NA RC"]
[PlyCount "33"]
[EventDate "2019.08.02"]
[EventType "swiss"]
[EventCountry "SVK"]
[SourceTitle "playchess.com"]
[Source "ChessBase"]
[SourceQuality "1"]
[TimeControl "40/5400+30:1800+30"]

1. d4 Nf6 2. c4 e5 3. dxe5 Ng4 4. Nf3 Bc5 5. e3 Nc6 6. Nc3 O-O 7. Be2 Ngxe5 8. O-O Nxf3+ 9. Bxf3 Ne5 10. Be4 d6 11. b3 f5 12. Bf3 Nxf3+ 13. Qxf3 Rb8 14. Bb2 Bd7 15. Nd5 Bc6 16. Qg3 Rf7 17. Nf4 1/2-1/2

[Event "EYCC Girls-U10 2019"]
[Site "Bratislava"]
[Date "2019.08.10"]
[Round "9.22"]
[White "Chevillon, Manon"]
[Black "Artissi, Sabina"]
[Result "0-1"]
[ECO "B43"]
[WhiteElo "1232"]
[BlackElo "1419"]
[Annotator "NA RC"]
[PlyCount "92"]
[EventDate "2019.08.02"]
[EventType "swiss"]
[EventCountry "SVK"]
[SourceTitle "playchess.com"]
[Source "ChessBase"]
[SourceQuality "1"]
[TimeControl "40/5400+30:1800+30"]

1. e4 c5 2. Nf3 e6 3. d4 cxd4 4. Nxd4 a6 5. Nc3 b5 6. Bd3 Bb7 7. O-O Nc6 8. Nxc6 Bxc6 9. a3 Nf6 10. Qe2 Be7 11. Bd2 O-O 12. Kh1 Qc7 13. f4 d5 14. Rae1 Rfd8 15. exd5 Nxd5 16. Nxd5 Bxd5 17. Bc3 Rac8 18. Qg4 Bf8 19. f5 Re8 20. Qh5 e5 21. f6 g6 22. Qg5 Bd6 23. Bb4 Bxb4 24. axb4 Qd6 25. Qh6 Qf8 26. Qh3 e4 27. Be2 Rxc2 28. Qd7 Be6 29. Qb7 Bc8 30. Qd5 Rxb2 31. Qg5 Rxb4 32. Rf4 Rb2 33. Bd1 e3 34. Be2 Qd6 35. Qh6 Qf8 36. Qg5 Rd8 37. h3 Bb7 38. Rh4 Re8 39. Rh6 Rd8 40. h4 Rxe2 41. Rxe2 Rd1+ 42. Kh2 Qd6+ 43. Kh3 Bc8+ 44. g4 Rh1+ 45. Kg2 Bb7+ 46. Qd5 Bxd5# 0-1

[Event "EYCC Girls-U10 2019"]
[Site "Bratislava"]
[Date "2019.08.10"]
[Round "9.23"]
[White "Kuznecova, Marija"]
[Black "Briem, Gudrun Fanney"]
[Result "1-0"]
[ECO "D00"]
[WhiteElo "1375"]
[BlackElo "1199"]
[Annotator "NA RC"]
[PlyCount "35"]
[EventDate "2019.08.02"]
[EventType "swiss"]
[EventCountry "SVK"]
[SourceTitle "playchess.com"]
[Source "ChessBase"]
[SourceQuality "1"]
[TimeControl "40/5400+30:1800+30"]

1. d4 d5 2. Nc3 Nf6 3. Bf4 a6 4. e3 Bf5 5. Bd3 Bg6 6. Nf3 e6 7. a3 c5 8. Ne5 cxd4 9. exd4 Bd6 10. g4 Bxd3 11. Qxd3 Bxe5 12. dxe5 Nxg4 13. Qg3 g5 14. Qxg4 gxf4 15. Qxf4 d4 16. Ne4 Nd7 17. Nd6+ Ke7 18. Qxf7# 1-0

[Event "EYCC Girls-U10 2019"]
[Site "Bratislava"]
[Date "2019.08.10"]
[Round "9.24"]
[White "Trunz, Tamila"]
[Black "Frenkel, Avigail"]
[Result "0-1"]
[ECO "B24"]
[WhiteElo "1274"]
[BlackElo "1149"]
[Annotator "NA RC"]
[PlyCount "86"]
[EventDate "2019.08.02"]
[EventType "swiss"]
[EventCountry "SVK"]
[SourceTitle "playchess.com"]
[Source "ChessBase"]
[SourceQuality "1"]
[TimeControl "40/5400+30:1800+30"]

1. e4 c5 2. Nc3 Nc6 3. g3 g6 4. Bg2 Bg7 5. d3 Nf6 6. h3 d6 7. Be3 Rb8 8. Qd2 b5 9. Nge2 b4 10. Nd1 a5 11. O-O a4 12. Bh6 Rg8 13. Bxg7 Rxg7 14. f4 Nd4 15. Nxd4 cxd4 16. e5 dxe5 17. fxe5 Nd7 18. Bc6 Qc7 19. Bxd7+ Bxd7 20. Qf4 Bxh3 21. Rf2 g5 22. Qxd4 Rg6 23. Ne3 Rd8 24. Qe4 Bd7 25. Re1 Rh6 26. Nf5 Bc6 27. Ng7+ Kf8 28. Ne6+ Rxe6 29. Qf5 Ke8 30. Qxf7+ Kd7 31. d4 Rh6 32. d5 Bb7 33. Rf6 Rxf6 34. exf6 Qxg3+ 35. Kf1 Ba6+ 36. Re2 Bxe2+ 37. Kxe2 Qe5+ 38. Kd1 Qxf6 39. Qxh7 Qd4+ 40. Kc1 Qxd5 41. Qh3+ Kc6 42. Qh6+ Kc5 43. a3 Qd1# 0-1